 Dungeon Crawl Stone Soup version 0.21-a0-401-g0b6bec4 (webtiles) character file.

46 sveltemanboy the Vexing (level 3, -5/28 HPs)
             Began as a Gnoll Arcane Marksman on Oct 22, 2017.
             Slain by a gnoll (6 damage)
             ... on level 3 of the Dungeon.
             The game lasted 00:04:56 (1704 turns).

sveltemanboy the Vexing (Gnoll Arcane Marksman)     Turns: 1704, Time: 00:04:56

Health: -5/28      AC:  9    Str: 12    XL:     3   Next: 68%
Magic:  7/7        EV: 14    Int: 16    God:
Gold:   137        SH:  0    Dex: 15    Spells: 6/7 levels left

rFire    . . .     SeeInvis .   b - +0 short sword (holy)
rCold    . . .     Gourm    .   (no shield)
rNeg     . . .     Faith    .   u - +3 leather armour
rPois    .         Spirit   .   p - +0 helmet
rElec    .         Reflect  .   s - +0 cloak
rCorr    .         Harm     .   t - +0 pair of gloves
MR       .....                  (no boots)
Stlth    +.........             (no amulet)
HPRegen  0.09/turn              (no ring)
MPRegen  0.10/turn              (no ring)

@: no status effects
A: distributed training, fangs 1, strong nose
a: no special abilities


You were on level 3 of the Dungeon.
You were very hungry.

You visited 1 branch of the dungeon, and saw 3 of its levels.

You collected 137 gold pieces.

Inventory:

Hand Weapons
 a - a +1 shortbow
 b - a +0 short sword of holy wrath (weapon)
Missiles
 d - 19 arrows
 j - 6 tomahawks (quivered)
 q - 3 silver javelins
Armour
 p - a +0 helmet (worn)
 s - a +0 cloak (worn)
 t - a +0 pair of gloves (worn)
 u - a +3 leather armour (worn)
Scrolls
 h - a scroll of recharging {unknown}
 l - a scroll of immolation {unknown}
 m - a scroll of magic mapping
 r - a scroll of identify {unknown}
 v - a scroll of amnesia {unknown}
Potions
 e - a potion of magic {unknown}
 g - a potion of brilliance {unknown}
 i - a potion of mutation {unknown}
 k - 7 potions of curing {unknown}
 w - a potion of berserk rage {unknown}
Books
 c - a book of Debilitation

   Spells                             Type                      Level
   a - Corona                         Hexes                        1
   b - Slow                           Hexes                        2
   c - Inner Flame                    Hexes/Fire                   3
   d - Portal Projectile              Hexes/Translocation          3
   e - Cause Fear                     Hexes                        4
   f - Leda's Liquefaction            Hexes/Earth                  4
Comestibles
 f - a bread ration
 n - a royal jelly
 o - 3 fruits


   Skills:
 + Level 2.6 Fighting
 + Level 0.9 Short Blades
 + Level 0.9 Long Blades
 + Level 0.9 Axes
 + Level 0.9 Maces & Flails
 + Level 0.9 Polearms
 + Level 0.9 Staves
 + Level 0.9 Slings
 + Level 4.5 Bows
 + Level 0.9 Crossbows
 + Level 0.9 Throwing
 + Level 0.9 Armour
 + Level 4.5 Dodging
 + Level 0.9 Stealth
 + Level 0.9 Shields
 + Level 0.9 Unarmed Combat
 + Level 2.8 Spellcasting
 + Level 0.6 Conjurations
 + Level 5.4 Hexes
 + Level 0.6 Charms
 + Level 0.6 Summonings
 + Level 0.6 Necromancy
 + Level 0.6 Translocations
 + Level 0.6 Transmutations
 + Level 0.6 Fire Magic
 + Level 0.6 Ice Magic
 + Level 0.6 Air Magic
 + Level 0.6 Earth Magic
 + Level 0.6 Poison Magic
 + Level 1.0 Invocations
 + Level 0.9 Evocations


You had 6 spell levels left.
You knew the following spells:

 Your Spells              Type           Power        Failure   Level  Hunger
a - Corona                Hex            ###....      2%          1    #......


Dungeon Overview and Level Annotations

Branches:
Dungeon (3/15)

Altars:


Innate Abilities, Weirdness & Mutations

Your experience applies equally to all skills.
You have very sharp teeth.
Your uncanny sense of smell can sniff out nearby items.


Message History

You hit the gnoll.
The gnoll is lightly wounded.
The gnoll barely misses you.
You barely miss the gnoll.
The gnoll is lightly wounded.
The gnoll barely misses you.
You hit the gnoll. Your bite misses the gnoll.
The gnoll is moderately wounded.
The gnoll barely misses you.
You hit the gnoll. You bite the gnoll, but do no damage.
The gnoll is moderately wounded.
The gnoll hits you but does no damage.
You closely miss the gnoll.
The gnoll is moderately wounded.
The gnoll hits you.
* * * LOW HITPOINT WARNING * * *
You hit the gnoll.
The gnoll is heavily wounded.
The gnoll hits you.
You die...

#.. ∆ ∆ #.#
#.# ∆ ... ..∆
#.#
#.gg###.#####
#..$.......#
#g# #.#
##@###.#
#...##.# .#
#.#.##.# #.#
#...##.# #.#
#.####.# #.#
#.####.## #.#
#.##....# #..
#.##.#.##
####..
######.##.###
#.....


You could see a gnoll.

Vanquished Creatures
  2 gnolls (D:3)
  A dart slug (D:1)
  A leopard gecko (D:3)
  5 goblins
  3 hobgoblins
  4 kobolds (D:1)
  3 bats (D:1)
  3 frilled lizards
  4 rats (D:1)
26 creatures vanquished.

Notes
Turn   | Place    | Note
-------+----------+-------------------------------------------
     0 | D:1      | sveltemanboy the Gnoll Arcane Marksman began the quest for the Orb.
     0 | D:1      | Reached XP level 1. HP: 17/17 MP: 4/4
   343 | D:1      | Reached XP level 2. HP: 23/23 MP: 5/5
  1642 | D:3      | Reached XP level 3. HP: 28/28 MP: 7/7
  1695 | D:3      | Reached skill level 1 in Invocations
  1698 | D:3      | HP: 1/28 [gnoll (7)]
  1703 | D:3      | HP: 1/28 [gnoll (1)]
  1704 | D:3      | Slain by a gnoll

Vault maps used:
D:1:      dpeg_arrival_arbitrary_c, minmay_crystal_water,
          kennysheep_minor_cross, minmay_split_cup_small
D:3:      marbit_many_paths

Skill      XL: |  1  2  3 |
---------------+----------+-----
Invocations    | 1 |  1.0
Fighting       | |  2.6
Short Blades   | |  0.9
Long Blades    | |  0.9
Axes           | |  0.9
Maces & Flails | |  0.9
Polearms       | |  0.9
Staves         | |  0.9
Slings         | |  0.9
Bows           | |  4.5
Crossbows      | |  0.9
Throwing       | |  0.9
Armour         | |  0.9
Dodging        | |  4.5
Stealth        | |  0.9
Shields        | |  0.9
Unarmed Combat | |  0.9
Spellcasting   | |  2.8
Conjurations   | |  0.6
Hexes          | |  5.4
Charms         | |  0.6
Summonings     | |  0.6
Necromancy     | |  0.6
Translocations | |  0.6
Transmutations | |  0.6
Fire Magic     | |  0.6
Ice Magic      | |  0.6
Air Magic      | |  0.6
Earth Magic    | |  0.6
Poison Magic   | |  0.6
Evocations     | |  0.9

Action                   || total
-------------------------++-------
Melee: Short sword       ||    71
       Bite              ||     8
 Fire: Shortbow          ||    19
Throw: Tomahawk          ||    21
  Use: Scroll            ||     5
 Stab: Sleeping          ||     1
  Eat: Chunk             ||     1
Armor: Ring mail         ||    15
       Leather armour    ||    14
Dodge: Dodged            ||    46

Table legend:
 A = Spawn XP
 B = Non-spawn XP
 C = Spawn XP percentage of total XP
 D = Spawn monster count
 E = Non-spawn monster count
 F = Spawn count percentage of total count
 G = Total turns spent on level
                    A         B        C        D         E        F      G
               +---------+---------+-------+---------+---------+-------+---------
         Total |       0 |      67 |   0.0 |       0 |      26 |   0.0 |  1704
               +---------+---------+-------+---------+---------+-------+---------
           D:1 |       0 |      23 |   0.0 |       0 |      16 |   0.0 |   960
           D:2 |       0 |       8 |   0.0 |       0 |       5 |   0.0 |   659
           D:3 |       0 |      36 |   0.0 |       0 |       5 |   0.0 |    85
               +---------+---------+-------+---------+---------+-------+---------
